 Dungeon Crawl Stone Soup version 0.27-a0-1281-ge233d83751 (webtiles) character file.

Game seed: 15983724785896632830

154 Delamore the Skirmisher (level 5, 0/43 HPs)
             Began as a Formicid Fighter on June 14, 2021.
             Was an Initiate of Ashenzari.
             Succumbed to an adder's poison
             ... on level 3 of the Dungeon.
             The game lasted 00:03:24 (2636 turns).

Delamore the Skirmisher (Formicid Fighter)          Turns: 2636, Time: 00:03:25

Health: 0/43       AC:  7    Str: 22    XL:     5   Next: 63%
Magic:  5/5        EV:  8    Int:  7    God:    Ashenzari [......]
Gold:   27         SH:  9    Dex: 10    Spells: 4/4 levels left

rFire    . . .     SeeInvis +   a - +0 trident
rCold    . . .     Faith    .   c - +0 kite shield "Overhang to Understand" {Melee, Fort} (curse)
rNeg     . . .     Spirit   .   b - +0 scale mail
rPois    .         Reflect  .   (helmet unavailable)
rElec    .         Harm     .   (no cloak)
rCorr    .         Rampage  .   (no gloves)
Will     .....                  (no boots)
Stlth    ..........             (no amulet)
HPRegen  0.14/turn              (no ring)
MPRegen  0.09/turn              (no ring)

@: lethally poisoned (0 -> -1), very slow
A: permanent stasis, dig shafts and tunnels, antennae 3, four strong arms
a: Dig, Shaft Self, Renounce Religion, Curse Item, Shatter the Chains


You were on level 3 of the Dungeon.
You worshipped Ashenzari.
Ashenzari was noncommittal.
You visited 1 branch of the dungeon, and saw 3 of its levels.

You collected 49 gold pieces.
You spent 22 gold pieces at shops.

Inventory:

Hand Weapons
 a - a +0 trident (weapon)
Missiles
 e - 5 silver javelins
Armour
 b - a +0 scale mail (worn)
 c - the cursed +0 kite shield "Overhang to Understand" (worn) {Melee, Fort}

   It has a curse which improves the following skills: Melee Combat: Short
   Blades, Long Blades, Axes, Maces & Flails, Polearms, Staves and Unarmed
   Combat.
   Fortitude: Armour and Shields.
Scrolls
 f - 3 scrolls of enchant armour
 g - 2 scrolls of identify
 i - a scroll of brand weapon
Potions
 d - a potion of might
 j - a potion of attraction


   Skills:
 + Level 4.5 Fighting
 * Level 4.5(5.0) Polearms
 - Level 3.2(3.7) Armour
 - Level 3.6(4.1) Shields


You had 4 spell levels left.
You didn't know any spells.
Your spell library was empty.

Dungeon Overview and Level Annotations

Branches:
Dungeon (3/15)

Altars:
Ashenzari

Shops:
D:2 !*!*

Portals:
Sewer: D:3


Innate Abilities, Weirdness & Mutations

You cannot be hasted, slowed, berserked, paralysed or teleported.
You can dig through walls and to a lower floor.
You have a pair of large antennae on your head. (SInv)
Your four strong arms can wield two-handed weapons with a shield.


Message History

You block the adder's attack. The adder barely misses you.
Your unstable footing causes you to fumble your attack.
The adder bites you.
You are poisoned.
The adder poisons you!
You puncture the adder!
The adder is almost dead.
You feel sick. You block the adder's attack. The adder bites you.
You are more poisoned.
The adder poisons you!
You miss the adder.
The adder is almost dead.
You feel sick. The adder bites you but does no damage.
You feel sick. The adder bites you.
* * * LOW HITPOINT WARNING * * *
The adder bites you.
* * * LOW HITPOINT WARNING * * *
You hit the adder but do no damage.
The adder is almost dead.
You feel sick. The adder bites you but does no damage. The adder bites you.
* * * LOW HITPOINT WARNING * * *
You are lethally poisoned!
The adder poisons you!
You hit the adder.
You kill the adder!
* * * LOW HITPOINT WARNING * * *
You feel sick.
* * * LOW HITPOINT WARNING * * *
You feel very sick.
Okay, then.
Okay, then.
There is a lethal amount of poison in your body!
There is a lethal amount of poison in your body!
* * * LOW HITPOINT WARNING * * *
You feel sick.
* * * LOW HITPOINT WARNING * * *
You feel sick.
* * * LOW HITPOINT WARNING * * *
You feel sick.
You die...

*,****##*#####...#.#
*,*≈{≈≈≈{#≈≈≈#.....#
*,*##**#≈#≈#≈#≈....#
*,*≈≈≈≈#≈#≈#†#†....#
*,*≈*#≈≈≈≈≈#≈≈≈≈.#.#**
*,########≈#≈#≈..#...,
**#≈≈≈≈≈≈≈≈#≈≈≈..#*###
##≈#######≈#...#
#≈@≈≈≈≈∩#≈≈≈..#
#########≈≈..(#
#######


There were no monsters in sight!

Vanquished Creatures
  An orc wizard (D:2)
  4 adders
  5 worms
  4 dart slugs
  2 orcs (D:2)
  3 ball pythons
  6 bats
  3 endoplasms
  2 giant cockroaches (D:1)
  2 hobgoblins
  12 jackals (D:1)
  11 kobolds
  A quokka (D:2)
  4 frilled lizards
  2 goblins (D:1)
  5 rats
67 creatures vanquished.

Notes
Turn   | Place    | Note
-------+----------+-------------------------------------------
     0 | D:1      | Delamore the Formicid Fighter began the quest for the Orb.
     0 | D:1      | Reached XP level 1. HP: 18/18 MP: 1/1
    68 | D:1      | Reached XP level 2. HP: 20/24 MP: 2/2
   132 | D:1      | Found a faded altar of an unknown god.
   506 | D:1      | Reached XP level 3. HP: 24/30 MP: 3/3
  1247 | D:1      | Became a worshipper of Ashenzari the Shackled
  1288 | D:2      | Reached XP level 4. HP: 36/37 MP: 4/4
  1582 | D:2      | Reached XP level 5. HP: 37/42 MP: 5/5
  1615 | D:2      | Found Ymakoeck's Assorted Antiques.
  1680 | D:2      | Bought a black potion for 22 gold pieces
  1770 | D:2      | Found Maut's Distillery.
  1816 | D:2      | Found Hyusopti's Assorted Antiques.
  2008 | D:2      | Found Feim's Distillery.
  2620 | D:3      | Found a glowing drain.
  2633 | D:3      | HP: 2/43 [poisoned by an adder]
  2636 | D:3      | Succumbed to an adder's poison

Illustrated notes

Levels and vault maps discovered:
D:1:      sevenhm_arrival_forest_fort_large_4, layout_loops_corners,
          shapermc_ecumenical_altar_flowoftime, minmay_misc_feat_encased
D:2:      layout_loops_ring, serial_shops, nicolae_shop_statue_plus,
          nicolae_shop_stone, shop, shop
D:3:      layout_loops_ring, lightli_sewer_entry_pipes, hangedman_decor_growths

Skill      XL: |  1  2  3  4 |
---------------+-------------+-----
Polearms       | 3 4 |  4.5
Fighting       | 4 |  4.5
Armour         | |  3.2
Shields        | |  3.6

Action                   |  1- 3 |  4- 6 || total
-------------------------+-------+-------++-------
Melee: Trident           |   106 |   153 ||   259
Invok: Curse Item        |     1 |       ||     1
 Abil: Dig               |     1 |     1 ||     2
  Use: Scroll            |       |     1 ||     1
Armor: Scale mail        |    48 |    52 ||   100
Dodge: Dodged            |    38 |    27 ||    65
Block: Kite shield       |    48 |    52 ||   100

Table legend: (Time is in decaauts)
 A = Elapsed time spent in this place.
 B = Non-inter-level travel time spent in this place.
 C = Inter-level travel time spent in this place.
 D = Time resting spent in this place.
 E = Time spent auto-exploring this place.
 F = Levels seen in this place.
 G = Mean time per level.
                   A        B        C        D        E       F      G
               +--------+--------+--------+--------+--------+-----+--------+
         Total |   2720 |   2643 |     77 |    145 |   1991 |   3 |  906.7 |
       Dungeon |   2720 |   2643 |     77 |    145 |   1991 |   3 |  906.7 |
               +--------+--------+--------+--------+--------+-----+--------+

Top non-repeatable levels by time:
     D:1: 1307 daAuts
     D:2: 1138 daAuts
     D:3: 274 daAuts
